 Dungeon Crawl Stone Soup version 0.26.1-11-gd32895ea62 (webtiles) character file.

Game seed: 3818463650353426903

25 worthlessgem the Digger (level 3, 25/25 HPs)
             Began as a Formicid Earth Elementalist on Sept 20, 2021.
             Quit the game on level 2 of the Dungeon.
             The game lasted 00:08:03 (2349 turns).

worthlessgem the Digger (FoEE)                      Turns: 2349, Time: 00:08:03

Health: 25/25      AC:  3    Str: 13    XL:     3   Next: 17%
Magic:  7/7        EV: 12    Int: 14    God:
Gold:   61         SH:  0    Dex: 11    Spells: 5/8 levels left

rFire    . . .     SeeInvis +   d - -3 spear (curse)
rCold    . . .     Faith    .   (no shield)
rNeg     . . .     Spirit   .   c - +1 robe
rPois    .         Reflect  .   (helmet unavailable)
rElec    .         Harm     .   (no cloak)
rCorr    .         Rampage  .   (no gloves)
Will     .....                  (no boots)
Stlth    ++........             (no amulet)
HPRegen  0.08/turn              (no ring)
MPRegen  0.10/turn              (no ring)

@: no status effects
A: permanent stasis, dig shafts and tunnels, four strong arms, antennae 3
a: Dig, Shaft Self


You were on level 2 of the Dungeon.
You visited 1 branch of the dungeon, and saw 2 of its levels.

You collected 61 gold pieces.

Inventory:

Hand Weapons
 d - a cursed -3 spear (weapon)
 e - a +0 short sword
Missiles
 b - 47 stones
 f - 7 poisoned darts
Armour
 c - a +1 robe (worn)
Jewellery
 a - a cursed ring of teleportation {unknown}
Potions
 g - a potion of attraction {unknown}


   Skills:
 + Level 0.6 Fighting
 - Level 1.7 Dodging
 - Level 2.4 Stealth
 * Level 3.1 Spellcasting
 - Level 1.1 Transmutations
 - Level 4.0 Earth Magic


You had 5 spell levels left.
You knew the following spells:

 Your Spells              Type           Power        Failure   Level
a - Sandblast             Erth           26%          4%          1
b - Passwall              Tmut/Erth      7%           11%         2

Your spell library contained the following spells:

 Spells                   Type           Power        Failure   Level
 Stone Arrow              Conj/Erth      14%          28%         3
 Petrify                  Tmut/Erth      9%           58%         4
 Lee's Rapid Deconstruct  Erth           6%           75%         5


Dungeon Overview and Level Annotations

Branches:
Dungeon (2/15)

Altars:

Annotations:
D:1 exclusions: dart slug and gnoll


Innate Abilities, Weirdness & Mutations

You cannot be hasted, slowed, berserked, paralysed or teleported.
You can dig through walls and to a lower floor.
Your four strong arms can wield two-handed weapons with a shield.
You have a pair of large antennae on your head. (SInv)


Message History

Found a ring mail.
You see here a ring mail.
You open the door.
There is an open door here.
You now have 50 gold pieces (gained 12).
You now have 61 gold pieces (gained 11).
There is an open door here.
You open the door.
There is an open door here.
Partly explored, can't reach some places.
Partly explored, can't reach some places.
Partly explored, can't reach some places.
Partly explored, can't reach some places.
Partly explored, can't reach some places.
(D) Dungeon
Where to? (Enter - D:1 @ (x,y), ? - help)
There is a stone staircase leading down here.
You climb downwards.
There is a stone staircase leading up here.
Are you sure you want to abandon this character and quit the game? (Confirm with "yes".)

#### #..
####.#######
#...@.......
#.##.#######
... .###. ..
.. ## ##


There were no monsters in sight!

Vanquished Creatures
  3 dart slugs (D:1)
  A leopard gecko (D:1)
  2 goblins (D:1)
  2 hobgoblins (D:1)
  3 kobolds (D:1)
  2 bats (D:1)
  A frilled lizard (D:1)
  6 rats (D:1)
20 creatures vanquished.

Notes
Turn   | Place    | Note
-------+----------+-------------------------------------------
     0 | D:1      | worthlessgem the Formicid Earth Elementalist began the
                  | quest for the Orb.
     0 | D:1      | Reached XP level 1. HP: 13/13 MP: 3/3
  1077 | D:1      | Reached XP level 2. HP: 13/19 MP: 2/5
  1080 | D:1      | Learned a level 2 spell: Passwall
  1316 | D:1      | Reached skill level 4 in Earth Magic
  1692 | D:1      | Reached XP level 3. HP: 21/25 MP: 7/7
  2349 | D:2      | Quit the game

Illustrated notes

Levels and vault maps discovered:
D:1:      heliophobic_arrival_ceremonial_halls, layout_loops_ring, st_stairs_13,
          minmay_small_reverse_x
D:2:      layout_loops_ring, fedhas_altar_fruit_tree

Skill      XL: |  1  2 |
---------------+-------+-----
Earth Magic    | 4 |  4.0
Spellcasting   | 3 |  3.1
Fighting       | |  0.6
Dodging        | |  1.7
Stealth        | |  2.4
Transmutations | |  1.1

Action                   || total
-------------------------++-------
Melee: Unarmed           ||    53
       Spear             ||    54
 Cast: Sandblast         ||     9
 Abil: Dig               ||     8
  Use: Scroll            ||     3
 Stab: Sleeping          ||     4
Armor: Robe              ||    12
Dodge: Dodged            ||    62
